 Dungeon Crawl Stone Soup version 0.19-a0-1686-g35356ef (webtiles) character file.

154 st0uf the Chopper (level 5, -2/41 HPs)
             Began as a Demonspawn Gladiator on Sept 25, 2016.
             Slain by a gnoll
             ... wielding a +0 spear
              (6 damage)
             ... on level 3 of the Dungeon.
             The game lasted 00:05:49 (1764 turns).

st0uf the Chopper (Demonspawn Gladiator)            Turns: 1764, Time: 00:05:50

Health: -2/41      AC:  9    Str: 17    XL:     5   Next: 13%
Magic:  0/5        EV: 12    Int:  9    God:
Gold:   136        SH:  0    Dex: 13    Spells: 0 memorised, 4 levels left

rFire  . . .     SeeInvis .     a - +0 war axe
rCold  . . .     Gourm    .     x - +0 ring mail
rNeg   + . .     Faith    .     (no shield)
rPois  .         Spirit   +     c - +0 helmet
rElec  .         Dismiss  .     (no cloak)
rCorr  .         Reflect  .     (no gloves)
MR     .....     Harm     .     (no boots)
Stlth  ..........               (no amulet)
                                (no ring)
                                k - ring of positive energy (curse)

@: no status effects
A: hooves 2, molten scales 1, magic shield
a: no special abilities


You were on level 3 of the Dungeon.
You were not hungry.

You visited 1 branch of the dungeon, and saw 3 of its levels.

You collected 136 gold pieces.

Inventory:

Hand Weapons
 a - a +0 war axe (weapon)
Missiles
 d - 3 throwing nets (quivered)
Armour
 c - a +0 helmet (worn)
 x - a +0 ring mail (worn)
Jewellery
 k - a cursed ring of positive energy (left hand)
 m - an uncursed ring of ice
Scrolls
 b - a scroll of enchant armour {unknown}
 e - a scroll of magic mapping {unknown}
 h - 2 scrolls of noise {unknown}
 i - 9 scrolls of identify {unknown}
 l - a scroll of recharging {unknown}
 n - 3 scrolls of fear {unknown}
 q - a scroll of remove curse {unknown}
 s - a scroll of immolation {unknown}
 w - a scroll of teleportation {unknown}
 y - a scroll of enchant weapon {unknown}
Potions
 j - 9 potions of curing {unknown}
 p - a potion of haste {unknown}
 r - a potion of lignification {unknown}
 t - 2 potions of mutation {unknown}
 u - a potion of magic {unknown}
 v - a potion of agility {unknown}
Comestibles
 f - 2 bread rations
 g - a chunk of flesh
 o - 3 meat rations


   Skills:
 * Level 3.2 Fighting
 * Level 3.9 Axes
 - Level 1.7 Throwing
 + Level 1.8 Armour
 + Level 3.1 Dodging


You had 4 spell levels left.
You didn't know any spells.

Dungeon Overview and Level Annotations

Branches:
Dungeon (3/15)

Altars:


Innate Abilities, Weirdness & Mutations

You have hoof-like feet.
You are partially covered in molten scales. (AC +2)
When hurt, damage is shared between your health and your magic reserves.


Message History

The gnoll is lightly wounded.
You hit the gnoll. You slash the gnoll!
The gnoll hits you with a flail of crushing!
The gnoll closely misses you. The gnoll barely misses you.
The gnoll hits you with a flail of crushing.
* * * LOW HITPOINT WARNING * * *
The gnoll hits you with a halberd.
* * * LOW HITPOINT WARNING * * *
You hit the gnoll but do no damage. You kick the gnoll, but do no damage.
The gnoll is severely wounded.
You hit the gnoll. x2; The gnoll hits you with a spear!
* * * LOW HITPOINT WARNING * * *
The gnoll closely misses you. The gnoll misses you.
Unknown command.
You barely miss the gnoll. You kick the gnoll.
The gnoll is severely wounded.
You hit the gnoll. x2
You kill the gnoll!
The gnoll hits you with a spear!
You die...

#.
#########.#
#. #.# #'
##.##
#...##
#.###.# #.
#.#
.####.###.#
.'.....).##
####..@g#
##.g...#
#.....#
#.....#
#.....#
#.....#
###.### .#


You could see 2 gnolls.

Vanquished Creatures
  An orc priest (D:3)
  2 adders (D:3)
  A gnoll (D:3)
  An ooze (D:1)
  6 worms
  2 dart slugs
  A leopard gecko (D:2)
  6 orcs (D:3)
  A giant cockroach (D:3)
  10 goblins
  7 hobgoblins
  10 kobolds
  A quokka (D:2)
  3 bats
  7 frilled lizards
  8 rats
67 creatures vanquished.

Notes
Turn   | Place    | Note
-------+----------+-------------------------------------------
     0 | D:1      | st0uf the Demonspawn Gladiator began the quest for the Orb.
     0 | D:1      | Reached XP level 1. HP: 16/16 MP: 1/1
   123 | D:1      | Gained mutation: When hurt, damage is shared between your health and your magic reserves. [demonic ancestry]
   123 | D:1      | Reached XP level 2. HP: 23/23 MP: 2/2
   631 | D:2      | Reached skill level 1 in Armour
   631 | D:2      | Gained mutation: You have large cloven feet. [demonic ancestry]
   631 | D:2      | Reached XP level 3. HP: 26/28 MP: 3/3
  1145 | D:3      | Gained mutation: You are partially covered in molten scales. (AC +2) [demonic ancestry]
  1145 | D:3      | Reached XP level 4. HP: 33/34 MP: 4/4
  1612 | D:3      | Gained mutation: You have hoof-like feet. [demonic ancestry]
  1612 | D:3      | Reached XP level 5. HP: 37/41 MP: 3/5
  1764 | D:3      | Slain by a gnoll

Vault maps used:
D:1:      lightli_arrival_maybe_door_vault
D:2:      st_stairs_10, hangedman_decor_slide_cut

Skill      XL: |  1  2  3  4 |
---------------+-------------+-----
Axes           | 3 |  3.9
Armour         | 1 |  1.8
Dodging        | 3 |  3.1
Fighting       | 3 |  3.2
Throwing       | |  1.7

Action                   |  1- 3 |  4- 6 || total
-------------------------+-------+-------++-------
Melee: War axe           |   129 |    84 ||   213
       Kick              |    13 |    26 ||    39
  Eat: Chunk             |     1 |     2 ||     3
Armor: Leather armour    |    37 |     7 ||    44
       Ring mail         |       |    16 ||    16
Dodge: Dodged            |    72 |    59 ||   131
